 Dungeon Crawl Stone Soup version 0.27.0-1-g7a089689b8 (webtiles) character file.

Game seed: 14863361395002159544

111 seveneves the Shield-Bearer (level 4, -5/41 HPs)
             Began as a Minotaur Fighter on Aug 3, 2021.
             Slain by a river rat (6 damage)
             ... in a sewer.
             The game lasted 00:05:47 (1773 turns).

seveneves the Shield-Bearer (Minotaur Fighter)      Turns: 1773, Time: 00:05:47

Health: -5/41      AC:  7    Str: 21    XL:     4   Next: 62%
Magic:  3/3        EV:  7    Int:  5    God:
Gold:   102        SH:  9    Dex: 10    Spells: 3/3 levels left

rFire    . . .     SeeInvis .   a - +0 long sword
rCold    . . .     Faith    .   c - +0 kite shield
rNeg     . . .     Spirit   .   b - +0 scale mail
rPois    .         Reflect  .   (helmet restricted)
rElec    .         Harm     .   (no cloak)
rCorr    .         Rampage  .   (no gloves)
Will     .....                  (no boots)
Stlth    ..........             g - amulet of magic regeneration
HPRegen  0.13/turn              (no ring)
MPRegen  0.33/turn              (no ring)

@: no status effects
A: horns 2, retaliatory headbutt
a: no special abilities


You were in a sewer.
You visited 1 branch of the dungeon, and saw 3 of its levels.
You also visited: Sewer.

You collected 102 gold pieces.

Inventory:

Hand Weapons
 a - a +0 long sword (weapon)
Armour
 b - a +0 scale mail (worn)
 c - a +0 kite shield (worn)
Jewellery
 g - an amulet of magic regeneration (around neck)
Scrolls
 e - a scroll of amnesia
 j - a scroll of fear {unknown}
 l - a scroll of fog {unknown}
Potions
 d - 2 potions of might
 f - 2 potions of ambrosia
 h - a potion of invisibility {unknown}
 k - a potion of brilliance {unknown}


   Skills:
 + Level 4.4 Fighting
 + Level 3.8 Long Blades
 + Level 4.3 Armour
 + Level 0.6 Dodging
 + Level 0.1 Stealth
 + Level 4.4 Shields


You had 3 spell levels left.
You didn't know any spells.
Your spell library contained the following spells:

 Spells                   Type           Power      Damage    Failure   Level
 Freeze                   Ice            0%         1d3       99%         1
 Frozen Ramparts          Ice            0%         1d2       100%        3
 Hailstorm                Conj/Ice       0%         3d3       100%        4


Dungeon Overview and Level Annotations

Branches:
Dungeon (3/15)              Sewer (1/1)

Altars:
Okawaru


Innate Abilities, Weirdness & Mutations

You have a pair of horns on your head.
You reflexively headbutt those who attack you in melee.


Message History

You are poisoned.
The adder poisons you!
The frilled lizard bites you but does no damage.
You feel sick. The adder bites you but does no damage.
An adder comes into view.
You feel sick.
You miss the adder. You headbutt the adder.
You kill the adder!
You feel sick. The frilled lizard barely misses you. You furiously retaliate!
You headbutt the frilled lizard!
You kill the frilled lizard!
You block the river rat's attack.
You hit the river rat.
The river rat is heavily wounded.
You feel sick. The river rat bites you. The adder bites you but does no damage.
The river rat bites you.
You barely miss the river rat. Your headbutt misses the river rat.
The river rat is moderately wounded.
You feel sick.
You are no longer poisoned.
The adder bites you but does no damage. You block the river rat's attack.
You block the adder's attack. The river rat bites you.
* * * LOW HITPOINT WARNING * * *
A rat comes into view.
You block the adder's attack.
Okay, then.
You feel better. You block the river rat's attack.
You block the adder's attack. The river rat bites you!
You hit the rat.
You kill the rat!
You block the adder's attack. The river rat bites you.
* * * LOW HITPOINT WARNING * * *
The river rat bites you.
* * * LOW HITPOINT WARNING * * *
The adder bites you but does no damage. The river rat bites you.
* * * LOW HITPOINT WARNING * * *
You miss the adder. The adder bites you but does no damage.
The river rat completely misses you. You block the rat's attack.
The river rat bites you.
You die...

##### ### ##..∩# #####
#∩..## ##..######...## ##
#...##..#####......###.
##.....r.##............
##.....@rr...†..........
........rSr....†..........
........rr..........≈..≈≈.
..≈≈...≈..........≈≈.≈≈≈≈≈
≈≈≈≈≈≈≈.≈...†.≈..≈≈≈≈≈≈≈≈≈
≈≈≈≈≈≈≈≈.≈≈≈≈≈≈≈≈≈≈≈≈≈≈≈≈≈
≈≈≈≈≈≈≈≈≈≈≈≈≈≈≈≈≈≈≈≈≈≈≈≈≈≈
≈≈≈≈≈≈≈≈≈≈≈≈≈≈≈≈≈≈≈≈≈≈≈≈≈
≈≈≈≈≈≈≈≈≈≈..≈.≈≈≈≈≈≈≈≈≈≈


You could see an adder, 4 river rats and 3 rats.

Vanquished Creatures
  Jessica (D:3)
  A river rat (Sewer)
  3 adders
  A worm (D:3)
  2 dart slugs
  3 bats
  An endoplasm (D:1)
  2 giant cockroaches (D:1)
  6 goblins
  5 jackals
  5 quokkas
  2 ball pythons
  2 frilled lizards
  4 kobolds
  4 rats (Sewer)
42 creatures vanquished.

Notes
Turn   | Place    | Note
-------+----------+-------------------------------------------
     0 | D:1      | seveneves the Minotaur Fighter began the quest for the Orb.
     0 | D:1      | Reached XP level 1. HP: 19/19 MP: 0/0
   142 | D:1      | Reached XP level 2. HP: 27/27 MP: 1/1
  1285 | D:2      | Found an iron altar of Okawaru.
  1476 | D:3      | Reached XP level 3. HP: 33/33 MP: 2/2
  1549 | D:3      | Noticed Jessica
  1559 | D:3      | Killed Jessica
  1620 | D:3      | Reached XP level 4. HP: 34/41 MP: 3/3
  1682 | D:3      | Found a glowing drain.
  1690 | Sewer    | Entered a sewer
  1772 | Sewer    | HP: 1/41 [river rat (3)]
  1773 | Sewer    | Slain by a river rat

Illustrated notes

Levels and vault maps discovered:
D:1:      dpeg_arrival_another_circle, layout_loops_corners
D:2:      layout_rooms, shapermc_ecumenical_altar_hornbeckon, basic_altar
D:3:      layout_loops_corners, gup_sewer_entry_bubbles, fountainhead,
          uniq_jessica
Sewer:    sewer_minmay_treatment

Skill      XL: |  1  2  3 |
---------------+----------+-----
Fighting       | 4 |  4.4
Shields        | 4 |  4.4
Long Blades    | 3 |  3.8
Armour         | 4 |  4.3
Dodging        | |  0.6
Stealth        | |  0.1

Action                   |  1- 3 |  4- 6 || total
-------------------------+-------+-------++-------
Melee: Long sword        |    62 |    39 ||   101
       Headbutt          |    10 |    11 ||    21
  Use: Potion            |     2 |     1 ||     3
       Scroll            |     2 |       ||     2
Armor: Scale mail        |    39 |     9 ||    48
Dodge: Dodged            |    24 |    12 ||    36
Block: Kite shield       |    38 |    21 ||    59
       Rpst.: Long sword |     7 |     3 ||    10
